 Dungeon Crawl Stone Soup version 0.32-a0-42-ga30500b4d3 (webtiles) character file.

Game seed: 2970858959206543782

114876 Atlas the Eclecticist (level 16, -3/118 HPs)
             Began as a Demonspawn Fire Elementalist on Feb 2, 2024.
             Was the Champion of Vehumet.
             Slain by a deep elf blademaster
             ... wielding a +1 rapier of holy wrath
              (27 damage)
             ... on level 3 of the Elven Halls.
             The game lasted 00:46:55 (20142 turns).

Atlas the Eclecticist (DsFE)                       Turns: 20142, Time: 00:46:56

Health: -3/118     AC: 16    Str:  9    XL:     16   Next: 17%
Magic:  0/40       EV: 16    Int: 23    God:    Vehumet [******]
Gold:   163        SH:  0    Dex: 19    Spells: 23/46 levels left

rFire   + + .        E - +7 long sword of Responsibility {drain, rElec Dex+3}
rCold   + . .        i - orb {light}
rNeg    . . .        J - +5 moon troll leather armour {Spirit, Regen++ MP+5}
rPois   +            a - +1 helmet
rElec   +            x - scarf {repulsion}
rCorr   +            (gloves unavailable)
SInv    .            O - +2 pair of boots {Fly}
Will    ++...        e - amulet of magic regeneration
Stlth   +            u - ring "Hoihydymy" {rPois rF+ rC+ rCorr Dex+2}
HPRegen 1.99/turn    n - ring "Icyed" {rF+ Will+}
MPRegen 0.67/turn

%: repel missiles, guardian spirit
@: flying, very slightly contaminated, glowing
A: rugged brown scales 2, foul stench 1, powered by death 1, corrupting presence
2, demonic touch 3
a: Renounce Religion


You were on level 3 of the Elven Halls.
You worshipped Vehumet.
Vehumet was exalted by your worship.
You visited 4 branches of the dungeon, and saw 21 of its levels.
You also visited: Bailey and Gauntlet.

You collected 2054 gold pieces.
You spent 1891 gold pieces at shops.

Inventory:

Hand Weapons
 E - the +7 long sword of Responsibility (weapon) {drain, rElec Dex+3}
   (You took it off an orc on level 7 of the Dungeon)

   Dex+3:     It affects your dexterity (+3).
   rElec:     It insulates you from electricity.
Armour
 a - a +1 helmet (worn)
 i - an orb of light (worn)
 x - a scarf of repulsion (worn)
 J - the +5 moon troll leather armour (worn) {Spirit, Regen++ MP+5}
   (You found it in a bailey)

   MP+5:      It affects your magic capacity (+5).
   Regen++:   It increases your rate of health regeneration.
 O - a +2 pair of boots of flying (worn)
 T - a +1 kite shield of protection
Jewellery
 e - an amulet of magic regeneration (around neck)
 f - a ring of willpower
 n - the ring "Icyed" (right hand) {rF+ Will+}
   (You bought it in a shop on level 2 of the Orcish Mines)

   [ring of willpower]

   rF+:       It protects you from fire.
   Will+:     It increases your willpower.
 u - the ring "Hoihydymy" (left hand) {rPois rF+ rC+ rCorr Dex+2}
   (You bought it in a shop on level 2 of the Orcish Mines)

   [ring of protection from cold]

   Dex+2:     It affects your dexterity (+2).
   rF+:       It protects you from fire.
   rC+:       It protects you from cold.
   rPois:     It protects you from poison rCorr: It protects you from acid and
   corrosion.
 y - the amulet of Orthodoxy {Spirit rF+ Will+ Str-5 Slay+2}
   (You found it in a Gauntlet)

   [amulet of guardian spirit]

   Spirit:    It causes incoming damage to be divided between your reserves of
   health and magic.
   Str-5:     It affects your strength (-5).
   Slay+2:    It affects your accuracy & damage with ranged weapons and melee
   (+2).
   rF+:       It protects you from fire.
   Will+:     It increases your willpower.
 Q - a ring of protection from cold
 U - a ring of fire
 Y - an amulet of regeneration
 Z - a ring of poison resistance
Wands
 d - a wand of mindburst (21)
 v - a wand of paralysis (25)
 w - a wand of flame (19)
 D - a wand of polymorph (15)
 P - a wand of quicksilver (11)
 W - a wand of iceblast (8)
Scrolls
 c - 7 scrolls of immolation
 g - a scroll of revelation
 j - a scroll of summoning
 m - 7 scrolls of teleportation
 r - 5 scrolls of vulnerability
 t - 3 scrolls of amnesia
 z - 4 scrolls of noise
 A - 6 scrolls of poison
 F - 3 scrolls of fear
 K - 2 scrolls of enchant armour
 V - a scroll of brand weapon
Potions
 b - 2 potions of magic
 l - 5 potions of mutation
 o - 9 potions of curing
 p - 5 potions of attraction
 q - 5 potions of brilliance
 B - a potion of cancellation {unknown}
 G - 5 potions of invisibility
 H - a potion of berserk rage {unknown}
 I - 2 potions of heal wounds
 M - 3 potions of enlightenment
 R - 2 potions of haste
 S - a potion of resistance {unknown}
 X - 2 potions of might {unknown}
Miscellaneous
 s - a phantom mirror
 C - a lightning rod (4/4)
 L - a box of beasts
 N - a tin of tremorstones (2/2)


   Skills:
 + Level 6.5 Fighting
 + Level 8.8 Long Blades
 + Level 1.7 Polearms
 + Level 5.4 Armour
 + Level 7.5 Dodging
 - Level 3.1 Stealth
 + Level 0.1 Unarmed Combat
 + Level 15.5 Spellcasting
 + Level 11.1 Conjurations
 + Level 13.9 Fire Magic
 + Level 4.9 Air Magic
 + Level 0.7 Evocations


You had 23 spell levels left.
You knew the following spells:

 Your Spells              Type           Power      Damage    Failure   Level
a - Scorch                Fire           100%       2d9       0%          2
b - Foxfire               Conj/Fire      100%       2x1d9     1%          1
c - Flame Wave            Conj/Fire      66%        2d15      1%          4
d - Airstrike             Air            20%        2d(3-19)  1%          4
e - Starburst             Conj/Fire      33%        6d10      1%          6
f - Plasma Beam           Fire/Air       28%        2x1d41    3%          6

Your spell library contained the following spells:

 Spells                   Type           Power      Damage    Failure   Level
 Lee's Rapid Deconstruct  Erth           8%         3d7*      28%         5
 Shock                    Conj/Air       100%       1d9       1%          1
 Hailstorm                Conj/Ice       43%        3d9       1%          3
 Inner Flame              Hex/Fire       49%        N/A       1%          3
 Swiftness                Air            40%        N/A       1%          3
 Volatile Blastmotes      Fire/Tloc      98%        2d18      1%          3
 Ignite Poison            Fire/Alch      49%        N/A       1%          4
 Cigotuvi's Dreadful Rot  Necr/Alch/Air  50%        N/A       3%          2
 Freezing Cloud           Conj/Ice/Air   21%        6-21      3%          5
 Irradiate                Conj/Alch      21%        3d18      3%          5
 Apportation              Tloc           34%        N/A       4%          1
 Jinxbite                 Hex            34%        N/A       6%          2
 Lesser Beckoning         Tloc           34%        N/A       6%          2
 Sublimation of Blood     Necr           17%        N/A       6%          2
 Gell's Gravitas          Tloc           17%        N/A       13%         3
 Summon Ice Beast         Ice/Summ       17%        N/A       13%         3
 Teleport Other           Tloc           17%        N/A       13%         3
 Petrify                  Alch/Erth      17%        N/A       38%         4
 Alistair's Intoxication  Alch           11%        N/A       75%         5
 Sculpt Simulacrum        Ice/Alch       8%         N/A       100%        6
 Malign Gateway           Summ/Tloc      8%         N/A       100%        7
 Summon Horrible Things   Summ           8%         N/A       100%        8


Dungeon Overview and Level Annotations

Branches:
Dungeon (15/15)            Temple (1/1) D:4            Lair (0/5) D:10
    Orc (2/2) D:11            Elf (3/3) Orc:2        Vaults (0/5) D:14
 Depths (0/4) D:15         Bailey (visited)         Gauntlet (visited)

Altars:
Ashenzari
Cheibriados
Dithmenos
Fedhas
Gozag
Hepliaklqana
Kikubaaqudgha
Makhleb
Nemelex Xobeh
Okawaru
Qazlal
Ru
Sif Muna
Trog
Uskayaw
Vehumet
Wu Jian
Xom
Yredelemnul

Shops:
D:2 *   D:8 *   D:11 (   D:13 =   Orc:1 !   Orc:2 =*(:==*   Elf:2 *   Elf:3 !

Annotations:
D:7 1 runed translucent door
D:11 2 runed translucent doors, Gaonuemm's ghost, journeyman OnCA
Elf:2 5 runed translucent doors


Innate Abilities, Weirdness & Mutations

You are mostly covered in rugged brown scales. (AC +2, +5% HP)
You may rarely emit foul miasma when damaged in melee.
You regenerate a little health from kills.
Your presence sometimes corrodes or deforms those you injure.
Your touch may irresistibly damage your foes and sap their willpower.


Message History

You hear a shout! x5
Casting: Foxfire (safe; 1% risk of failure)
Press: ? - help, Q - select action, (/) - cycle Dir - look around, f - activate
Okay, then.
Casting: Foxfire (safe; 1% risk of failure)
Confirm with . or Enter, or press ? or * to list all spells.
Casting: Plasma Beam (dangerous; 3% risk of failure)
Press: ? - help, Dir - look around, f - activate You miscast Plasma Beam.
You are very lightly contaminated with residual magic.
Nothing appears to happen.
Unknown command.
Casting: Plasma Beam (dangerous; 3% risk of failure)
Confirm with . or Enter, or press ? or * to list all spells.
Casting: Plasma Beam (dangerous; 3% risk of failure)
Press: ? - help, Dir - look around, f - activate The bolt of lightning hits the deep elf blademaster!!
The deep elf blademaster is moderately wounded.
The fiery plasma hits the deep elf blademaster.
The deep elf blademaster is heavily wounded.
You hear a shout! x2
The deep elf blademaster hits you with a +1 rapier of holy wrath!
You convulse!
The deep elf blademaster hits you with a +1 rapier of holy wrath!
You convulse!
Unknown command.
As you read the scroll of fear, it crumbles to dust.
You assume a fearsome visage.
The deep elf blademaster resists with almost no effort.
The deep elf blademaster hits you with a +1 rapier of holy wrath!
You convulse!
The deep elf blademaster hits you with a +1 rapier of holy wrath!
* * * LOW HITPOINT WARNING * * *
You convulse!!
* * * LOW HITPOINT WARNING * * *
You feel much better.
The deep elf blademaster hits you with a +1 rapier of holy wrath!!
* * * LOW HITPOINT WARNING * * *
You convulse!!
You die...

#..##.....##
#...###....# ##
#..........# .#
##...###...## .#
#....##....# .
.####....#.#...# #..
...###....###..#
###...# .###
#.....#...#####.....#
.#
##.........@e.....#
.# ###............#.#
## ####.............
# ############## #


You could see a deep elf blademaster.

Vanquished Creatures
  A deep elf elementalist (Elf:3)
  A stone giant (D:15)
  An orc warlord (Orc:1)
  A minotaur (Gauntlet)
  2 deep elf death magi (Elf:3)
  4 deep elf annihilators
  2 deep elf demonologists (Elf:3)
  2 deep elf high priests (Elf:3)
  Fannar (D:10)
  A hydra (D:13)
  A death knight (D:14)
  4 centaur warriors
  14 two-headed ogres
  3 ogre magi
  3 boulder beetles
  15 death yaks
  Urug (Orc:2)
  4 tengu warriors
  7 dancing weapons
  Sonja (D:13)
  7 deep elf knights
  A fire crab (shapeshifter) (D:14)
  A soul eater (Gauntlet)
  Amaemon (D:8)
  13 skeletal warriors
  2 spriggan druids (Elf:2)
  2 deep trolls (Orc:2)
  A mana viper (shapeshifter) (Elf:2)
  4 deep elf archers
  11 deep elf pyromancers
  11 deep elf zephyrmancers
  A necromancer (Gauntlet)
  4 orc knights
  13 ugly things
  5 cyclopes
  3 manticores
  4 orc sorcerers
  3 gargoyles
  A kobold blastminer (Orc:1)
  A torpor snail (shapeshifter) (Elf:2)
  An orange demon (D:8)
  A torpor snail (Gauntlet)
  3 freezing wraiths (D:14)
  2 kobold demonologists
  An unseen horror (D:12)
  3 komodo dragons
  2 yaktaurs (D:14)
  A tengu conjurer (D:11)
  An efreet (D:14)
  A troll (shapeshifter) (Elf:2)
  13 trolls
  4 polar bears (D:9)
  A hornet (D:10)
  9 dream sheep
  Grinder (D:5)
  A raiju (shapeshifter) (Elf:2)
  6 slime creatures
  3 shadows
  5 wraiths
  2 air elementals (Elf:1)
  24 yaks
  2 hogs (D:9)
  A wyvern (D:10)
  A fire elemental (Elf:1)
  A golden eye (shapeshifter) (Elf:2)
  6 humans (D:13)
  A yak (shapeshifter) (Elf:3)
  3 wargs
  Grum (D:11)
  10 vampire mosquitoes
  A steam dragon (D:9)
  2 acid dragons
  A water moccasin (D:7)
  5 sky beasts
  3 black bears
  2 laughing skulls (D:15)
  25 orc warriors
  23 ogres
  2 ice beasts (D:8)
  10 wolves
  A boggart (D:14)
  16 centaurs
  8 phantoms
  2 bullfrogs (D:7)
  7 kobold brigands
  4 gnoll sergeants
  2 earth elementals
  6 scorpions
  5 wights (D:7)
  3 killer bees (D:10)
  6 howler monkeys
  A bombardier beetle (D:4)
  A centaur skeleton (D:4)
  6 jellies
  3 gnoll boudas
  19 orc priests
  4 hounds
  A sleepcap (D:6)
  21 orc wizards
  2 scorpion zombies (D:4)
  Natasha (twice) (D:2)
  4 iguanas
  2 hound zombies (D:4)
  20 gnolls
  10 adders
  3 shadow imps (Gauntlet)
  3 white imps
  5 adder zombies (D:4)
  An adder skeleton (D:4)
  A ribbon worm (D:2)
  A dart slug (D:1)
  82 orcs
  7 ball pythons
  7 bats
  4 endoplasms
  3 giant cockroaches
  8 goblins
  6 hobgoblins
  5 jackals
  A quokka (D:1)
  6 frilled lizards
  40 kobolds
  10 rats
692 creatures vanquished.

Vanquished Creatures (collateral kills)
  Rupert (D:12)
  A boulder beetle (D:12)
  3 foxfires
5 creatures vanquished.

Vanquished Creatures (others)
  A centaur (D:14)
  A kobold brigand (D:14)
  1325 foxfires
1327 creatures vanquished.

Grand Total: 2024 creatures vanquished

Notes
Turn   | Place    | Note
-------+----------+-------------------------------------------
     0 | D:1      | Atlas the Demonspawn Fire Elementalist began the quest for
                  | the Orb.
     0 | D:1      | Reached XP level 1. HP: 13/13 MP: 3/3
   250 | D:1      | Gained mutation: You are partially covered in rugged brown
                  | scales. (AC +1, +3% HP) [demonic ancestry]
   250 | D:1      | Reached XP level 2. HP: 12/19 MP: 0/5
   633 | D:1      | Learned a level 2 spell: Scorch
   670 | D:1      | Gained mutation: You may rarely emit foul miasma when
                  | damaged in melee. [demonic ancestry]
   670 | D:1      | Reached XP level 3. HP: 23/24 MP: 3/6
  1319 | D:2      | You fall into a shaft and drop 1 floor!
  1445 | D:2      | Found Cumith's Assorted Antiques.
  1454 | D:2      | Bought a scroll labelled GOCUTH FOBE for 17 gold pieces
  1454 | D:2      | Bought a scroll labelled IVIPSEUTYSHEC for 17 gold pieces
  1454 | D:2      | Bought a scroll labelled GOCUTH FOBE for 17 gold pieces
  1664 | D:2      | Reached XP level 4. HP: 30/30 MP: 4/8
  1679 | D:2      | Noticed Natasha
  1683 | D:2      | Killed Natasha
  1728 | D:2      | Noticed Natasha
  1784 | D:2      | Killed Natasha
  1785 | D:2      | Reached skill level 3 in Spellcasting
  1841 | D:2      | Identified the +3 long sword of Corpus Delicti {flame,
                  | SInv}
  2103 | D:3      | Reached XP level 5. HP: 36/36 MP: 7/9
  2470 | D:3      | Found a faded altar of an unknown god.
  2693 | D:4      | Noticed a phantom
  2729 | D:3      | Killed a phantom
  2730 | D:3      | Reached skill level 1 in Armour
  2730 | D:3      | Gained mutation: You are mostly covered in rugged brown
                  | scales. (AC +2, +5% HP) [demonic ancestry]
  2730 | D:3      | Reached XP level 6. HP: 26/43 MP: 2/11
  2838 | D:4      | Found a staircase to the Ecumenical Temple.
  2853 | Temple   | Entered the Ecumenical Temple
  2988 | D:3      | Reached skill level 4 in Spellcasting
  3141 | D:4      | Gained mutation: Your touch may inflict minor irresistible
                  | damage on your foes. [demonic ancestry]
  3141 | D:4      | Reached XP level 7. HP: 48/48 MP: 7/13
  3451 | D:4      | Reached skill level 5 in Spellcasting
  3451 | D:4      | Reached skill level 5 in Fire Magic
  3575 | D:5      | Entered Level 5 of the Dungeon
  3874 | D:5      | Gained mutation: Your touch may inflict irresistible damage
                  | on your foes. [demonic ancestry]
  3874 | D:5      | Reached XP level 8. HP: 54/54 MP: 12/16
  3980 | D:5      | Noticed Grinder
  3986 | D:5      | Killed Grinder
  3987 | D:5      | Reached skill level 6 in Spellcasting
  3991 | D:5      | Reached skill level 1 in Polearms
  4288 | D:5      | Found a radiant altar of Vehumet.
  4293 | D:5      | Became a worshipper of Vehumet
  4469 | D:5      | Identified the +0 robe of Rationality {Will+++ MP+9}
  4913 | D:6      | Reached skill level 7 in Spellcasting
  4975 | D:6      | Found a basalt altar of Yredelemnul.
  4977 | D:6      | Found a hazy altar of Hepliaklqana.
  5048 | D:6      | Gained mutation: Your presence sometimes corrodes those you
                  | injure. [demonic ancestry]
  5048 | D:6      | Reached XP level 9. HP: 60/60 MP: 17/19
  5108 | D:6      | Reached skill level 1 in Fighting
  5241 | D:6      | Found a shimmering blue altar of Sif Muna.
  5364 | D:6      | Reached * piety under Vehumet
  5364 | D:6      | Offered knowledge of Magic Dart by Vehumet.
  6022 | D:6      | Learned a level 4 spell: Flame Wave
  6114 | D:7      | Reached skill level 8 in Spellcasting
  6133 | D:7      | Noticed a komodo dragon
  6139 | D:7      | Killed a komodo dragon
  6157 | D:7      | Noticed a kobold demonologist
  6166 | D:7      | Killed a kobold demonologist
  6243 | D:7      | Reached XP level 10. HP: 68/68 MP: 16/22
  6264 | D:7      | Reached ** piety under Vehumet
  6264 | D:7      | Offered knowledge of Static Discharge by Vehumet.
  6265 | D:7      | Reached skill level 5 in Conjurations
  6529 | D:7      | Found a runed translucent door.
  6594 | D:7      | Identified the +7 long sword of Responsibility {drain,
                  | rElec Dex+3}
  6607 | D:7      | Identified the +1 war axe of Imminent Death {antimagic,
                  | Str+2}
  6633 | D:7      | Reached skill level 9 in Spellcasting
  6810 | D:7      | Identified the +0 plate armour of the Villain {+Inv rPois
                  | Dex+3}
  7049 | D:7      | Noticed a gargoyle
  7058 | D:7      | Learned a level 4 spell: Airstrike
  7156 | D:7      | Killed a gargoyle
  7396 | D:8      | Found Hiquhium's CLEARANCE SALE!.
  7402 | D:8      | Bought a scroll of identify for 12 gold pieces
  7405 | D:8      | Noticed Amaemon
  7405 | D:8      | Noticed an orange demon
  7409 | D:8      | Killed an orange demon
  7410 | D:8      | Killed Amaemon
  7411 | D:8      | Reached skill level 10 in Spellcasting
  7530 | D:8      | Offered knowledge of Frozen Ramparts by Vehumet.
  7641 | D:8      | Noticed a cyclops
  7653 | D:8      | Killed a cyclops
  7680 | D:8      | Reached *** piety under Vehumet
  7681 | D:8      | Reached XP level 11. HP: 73/73 MP: 22/25
  8683 | D:9      | Reached skill level 1 in Long Blades
  8724 | D:9      | Found a flagged portal.
  8736 | Bailey   | Entered a bailey
  8774 | Bailey   | Offered knowledge of Fulminant Prism by Vehumet.
  9101 | Bailey   | Found the +5 moon troll leather armour {Spirit, Regen++
                  | MP+5}
  9205 | D:9      | Reached **** piety under Vehumet
  9295 | D:9      | Offered knowledge of Mephitic Cloud by Vehumet.
  9296 | D:9      | Reached skill level 11 in Spellcasting
  9314 | D:9      | Found a burning altar of Makhleb.
  9349 | D:9      | Found a hide-covered altar of Uskayaw.
  9472 | D:9      | Found a runed translucent gate.
  9474 | D:9      | Found a runed translucent gate.
  9475 | D:9      | Found a runed translucent gate.
  9475 | D:9      | Noticed a death yak
  9530 | D:9      | Reached skill level 10 in Fire Magic
  9530 | D:9      | Killed a death yak
  9825 | D:9      | Found a sacrificial altar of Ru.
  9948 | D:10     | Entered Level 10 of the Dungeon
 10088 | D:10     | Found a blossoming altar of Fedhas.
 10113 | D:10     | Reached ***** piety under Vehumet
 10113 | D:10     | Offered knowledge of Starburst by Vehumet.
 10132 | D:10     | Learned a level 6 spell: Starburst
 10216 | D:10     | Reached XP level 12. HP: 68/84 MP: 18/27
 10260 | D:10     | Found a staircase to the Lair.
 10294 | D:10     | Found an iron altar of Okawaru.
 10601 | D:10     | Noticed Fannar
 10607 | D:10     | Killed Fannar
 10939 | D:11     | Found a staircase to the Orcish Mines.
 11076 | D:11     | Found a large runed translucent door.
 11076 | D:11     | Found a large runed translucent door.
 11231 | D:11     | Noticed Grum
 11240 | D:11     | Killed Grum
 11356 | D:11     | Noticed a boulder beetle
 11463 | D:11     | Found Zitusk's Antique Weapon Shoppe.
 11476 | D:11     | Killed a boulder beetle
 11643 | D:11     | Noticed a tengu warrior
 11651 | D:11     | Killed a tengu warrior
 11710 | D:11     | Noticed Gaonuemm's ghost (journeyman OnCA)
 11900 | D:12     | Reached skill level 12 in Spellcasting
 12098 | D:12     | Noticed Rupert
 12168 | D:12     | Noticed a two-headed ogre
 12177 | D:12     | Killed a two-headed ogre
 12213 | D:12     | Noticed a boulder beetle
 12246 | D:12     | Killed Rupert
 12262 | D:12     | Killed a boulder beetle
 12741 | D:13     | Noticed an eight-headed hydra
 12753 | D:13     | Killed an eight-headed hydra
 12766 | D:13     | Found Viwoug's Jewellery Shoppe.
 12775 | D:13     | Bought a ring of poison resistance for 280 gold pieces
 12815 | D:13     | Noticed Sonja
 12823 | D:13     | Killed Sonja
 12824 | D:13     | Reached skill level 5 in Dodging
 12963 | D:13     | Noticed a centaur warrior
 12972 | D:13     | Killed a centaur warrior
 12973 | D:13     | Gained mutation: You regenerate a little health from kills.
                  | [demonic ancestry]
 12973 | D:13     | Reached XP level 13. HP: 81/90 MP: 29/29
 13217 | D:13     | Offered knowledge of Sticky Flame by Vehumet.
 13218 | D:13     | Reached skill level 13 in Spellcasting
 13676 | D:13     | Noticed a deep elf annihilator
 13677 | D:13     | Noticed a deep elf annihilator
 13681 | D:13     | Killed a deep elf annihilator
 13703 | D:13     | Killed a deep elf annihilator
 14572 | D:14     | Reached XP level 14. HP: 83/99 MP: 18/31
 14573 | D:14     | Reached skill level 5 in Long Blades
 14622 | D:14     | Found a gate leading to a gauntlet.
 14668 | Gauntlet | Entered a Gauntlet
 14668 | Gauntlet | Found a transporter.
 14668 | Gauntlet | Found a transporter.
 14726 | Gauntlet | Found a transporter.
 14730 | Gauntlet | Found a transporter.
 14756 | Gauntlet | Found a transporter.
 14760 | Gauntlet | Found a transporter.
 14772 | Gauntlet | Found a runed translucent gate.
 14772 | Gauntlet | Found a runed translucent gate.
 14772 | Gauntlet | Found a runed translucent gate.
 14774 | Gauntlet | Found a transporter.
 14793 | Gauntlet | Found a transporter.
 14808 | Gauntlet | Found a transporter.
 14812 | Gauntlet | Found a transporter.
 14820 | Gauntlet | Found a transporter.
 14824 | Gauntlet | Found a transporter.
 14999 | Gauntlet | Reached skill level 10 in Conjurations
 15013 | Gauntlet | Identified the amulet of Orthodoxy {Spirit rF+ Will+ Str-5
                  | Slay+2}
 15164 | D:14     | Offered knowledge of Plasma Beam by Vehumet.
 15198 | D:14     | Reached skill level 14 in Spellcasting
 15368 | D:14     | Found a gate to the Vaults.
 15522 | D:15     | Entered Level 15 of the Dungeon
 15530 | D:15     | Reached skill level 5 in Fighting
 15649 | D:14     | Learned a level 6 spell: Plasma Beam
 16224 | D:15     | Found a staircase to the Depths.
 16224 | D:15     | Noticed a stone giant
 16230 | D:15     | Killed a stone giant
 16231 | D:15     | Reached skill level 1 in Air Magic
 16445 | Orc:1    | Entered Level 1 of the Orcish Mines
 16476 | Orc:1    | Gained mutation: Your presence sometimes corrodes or
                  | deforms those you injure. [demonic ancestry]
 16476 | Orc:1    | Reached XP level 15. HP: 104/107 MP: 33/33
 16561 | Orc:1    | Found an iron altar of Okawaru.
 16654 | Orc:1    | Found Xikkohes's Distillery.
 16661 | Orc:1    | Bought a potion of heal wounds for 70 gold pieces
 16661 | Orc:1    | Bought a potion of heal wounds for 70 gold pieces
 16661 | Orc:1    | Bought a potion of haste for 140 gold pieces
 16987 | Orc:2    | Entered Level 2 of the Orcish Mines
 17007 | Orc:2    | Found Goolew's Book Emporium.
 17008 | Orc:2    | Found Jeraojea's Jewellery Shoppe.
 17016 | Orc:2    | Reached ****** piety under Vehumet
 17017 | Orc:2    | Offered knowledge of Conjure Ball Lightning by Vehumet.
 17025 | Orc:2    | Reached skill level 5 in Armour
 17045 | Orc:2    | Found Zuajahu's Jewellery Shop.
 17056 | Orc:2    | Found Yjuuset's Assorted Antiques.
 17060 | Orc:2    | Bought the ring "Icyed" {rF+ Will+} for 507 gold pieces
 17108 | Orc:2    | Found Numuekhi's Weapon Boutique.
 17187 | Orc:2    | Noticed Urug
 17202 | Orc:2    | Killed Urug
 17272 | Orc:2    | Found a staircase to the Elven Halls.
 17461 | Orc:2    | Found Veclorub's Jewellery Boutique.
 17522 | Orc:2    | Found Agat's Assorted Antiques.
 17807 | Orc:2    | Bought the ring "Hoihydymy" {rPois rF+ rC+ rCorr Dex+2} for
                  | 636 gold pieces
 17862 | Elf:1    | Entered Level 1 of the Elven Halls
 17869 | Elf:1    | Offered knowledge of Lee's Rapid Deconstruction by Vehumet.
 17936 | Elf:1    | Paralysed by an air elemental for 1 turns
 17990 | Elf:1    | Identified the serpent talisman "Hylunnox" {Fly}
 18654 | Elf:2    | Reached skill level 15 in Spellcasting
 18765 | Elf:2    | Found a huge runed translucent gate.
 18765 | Elf:2    | Found a huge runed translucent gate.
 18765 | Elf:2    | Found a huge runed translucent gate.
 18766 | Elf:2    | Found a huge runed translucent gate.
 18767 | Elf:2    | Found a huge runed translucent gate.
 18917 | Elf:2    | Found Qamnatt's Assorted Antiques.
 18936 | Elf:2    | Bought a scroll of identify for 50 gold pieces
 18936 | Elf:2    | Bought a scroll of teleportation for 75 gold pieces
 19273 | Elf:2    | Gained mutation: Your touch may irresistibly damage your
                  | foes and sap their willpower. [demonic ancestry]
 19273 | Elf:2    | Reached XP level 16. HP: 103/118 MP: 19/35
 19421 | Elf:3    | Entered Level 3 of the Elven Halls
 19438 | Elf:3    | Found Hunan's Distillery.
 19654 | Elf:2    | Found a radiant altar of Vehumet.
 20134 | Elf:3    | Noticed a deep elf blademaster
 20142 | Elf:3    | Slain by a deep elf blademaster

Illustrated notes

Levels and vault maps discovered:
D:1:      lemuel_arrival_behind_the_door_small, layout_loops_ring,
          serial_forest, infiniplex_forest_clump_long,
          infiniplex_forest_straight_3, infiniplex_forest_3_way,
          infiniplex_forest_lined_corner, infiniplex_forest_end_double,
          infiniplex_forest_straight_2, infiniplex_forest_corner_2,
          infiniplex_forest_lined_room_, infiniplex_forest_diagonal,
          minmay_fountain_box
D:2:      layout_rooms, serial_shops, nicolae_shop_trees, serial_glass,
          glass_columns_a, glass_columns_a, feat_on_display,
          minmay_strange_pillars, item_on_display_a,
          chequers_serial_rivers_room_a, kennysheep_decorative_pillar,
          minmay_stone_trees_small, minmay_small_reverse_x, uniq_natasha
D:3:      layout_loops_corners, shapermc_ecumenical_altar_hornbeckon,
          chequers_decorated_corner, kennysheep_generic_room_15
D:4:      layout_rooms, minmay_temple_entry_offerings, serial_undead,
          serial_undead_b, serial_undead_d, serial_undead_f, serial_undead_b,
          serial_undead_e, serial_undead_c, serial_undead_e,
          guppyfry_early_lair_pool
D:5:      layout_loops_ring, mainiacjoe_overflow_divided_tiny, uniq_grinder
D:6:      minmay_bubble_buster, layout_basic, mainiacjoe_overflow_24_doors,
          nicolae_overflow_macrodata_refinement, minivault_5
D:7:      minmay_the_grid_four_pointed_star
          [minmay_the_grid_triangle_9x9_zippers_horizontal,
          minmay_the_grid_triangle_9x9_zippers_vertical,
          minmay_the_grid_triangle_9x9_descending_squares,
          minmay_the_grid_triangle_9x9_subtriangle,
          minmay_the_grid_prize_trominoes], layout_basic, item_on_display_a
D:8:      kennysheep_blocky_room, layout_layer_cave, nicolae_shop_clearance,
          uniq_amaemon
D:9:      lemuel_bear_cage, layout_basic, lightli_temple_of_fire,
          mainiacjoe_overflow_surrounded_room, nicolae_ru_the_path_less_chosen,
          enter_bailey_4, serial_park_tiny_pond
D:10:     layout_long_grid, fedhas_bush_and_centaur_altar, old_standard_altar,
          erik_lair_orcish_takeover, uniq_fannar
D:11:     layout_roguey, hiddenorc2_lemuel, serial_shops, nicolae_shop_trees,
          ebering_ghost_disaster_area, uniq_grum
D:12:     layout_basic, uniq_rupert
D:13:     slaughterhouse, layout_cave_pods, serial_shops,
          nicolae_lakefront_shop, nicolae_concentric_dashed_squares_wild,
          uniq_sonja
D:14:     layout_basic, hangedman_vaults_entry_quadrant_bands,
          gauntlet_entry_generic
D:15:     grunt_enter_depths_snipers, layout_cave_pools, serial_column_ruins,
          column_ruins_open_tiny, column_ruins_open_small_water,
          column_ruins_grid_1, column_ruins_columns_straight,
          column_ruins_open_small, roderic_roman_lattice
Temple:   eino_temple_lava
Orc:1:    layout_caves, serial_shops, nicolae_lakefront_shop,
          regret_index_minedec_devilstone, okawaru_metal_pillars_1_2
Orc:2:    st_orc_open, layout_diamond_mine, serial_shops,
          nicolae_shop_just_a_little_nook, nicolae_shop_real_fake_doors, shop,
          uniq_urug
Elf:1:    layout_geoelf_octagon, nicolae_elf_crossing_hall,
          serial_sigils_hangedman_clutch
Elf:2:    elven_hall_of_blades_hangedman_alternative
          [nicolae_blade_entry_sentries_behind_glass], layout_geoelf_octagon,
          serial_shops, shop, kilobyte_rumbling_trees, lemuel_upstairs_altar
Elf:3:    minmay_elf_hall_curves, layout_loops_cross, serial_shops,
          nicolae_shop_industrial_runoff

Skill      XL: |  1  2  3  4  5  6  7  8  9 10 11 12 13 14 15 |
---------------+----------------------------------------------+-----
Fire Magic     | 3 4 5 6 7 9 10 11 12 13 | 13.9
Stealth        | 2 3 |  3.1
Conjurations   | 2 3 4 5 6 8 9 10 11 | 11.1
Spellcasting   | 3 4 5 7 8 10 11 12 13 14 15 | 15.5
Armour         | 1 2 3 4 5 |  5.4
Dodging        | 2 3 4 5 6 7 |  7.5
Polearms       | 1 |  1.7
Fighting       | 1 2 3 4 5 6 |  6.5
Long Blades    | 3 4 7 8 |  8.8
Air Magic      | 1 4 |  4.9
Unarmed Combat | |  0.1
Evocations     | |  0.7

Action                     |  1- 3 |  4- 6 |  7- 9 | 10-12 | 13-15 | 16-18 || total
---------------------------+-------+-------+-------+-------+-------+-------++-------
  Melee: Unarmed           |   108 |     5 |       |       |       |       ||   113
         Punch             |     1 |       |       |     1 |       |       ||     2
         Spear             |       |       |    63 |     2 |       |       ||    65
         Touch             |       |       |    15 |    29 |    20 |       ||    64
         Long sword        |       |       |       |   135 |   411 |    36 ||   582
   Cast: Foxfire           |    76 |    92 |   153 |   320 |   120 |       ||   761
         Scorch            |    21 |    27 |    94 |   115 |    13 |     1 ||   271
         Flame Wave        |       |       |       |    16 |    16 |     1 ||    33
         Starburst         |       |       |       |    28 |    83 |     9 ||   120
         Plasma Beam       |       |       |       |       |    35 |     2 ||    37
         Airstrike         |       |       |       |       |    21 |    24 ||    45
  Evoke: Lightning rod     |       |       |       |     3 |       |       ||     3
    Use: Scroll            |       |       |     6 |    14 |     5 |     3 ||    28
         Potion            |       |       |       |       |     1 |     1 ||     2
   Stab: Sleeping          |       |       |       |     2 |     1 |       ||     3
 Armour: Robe              |     3 |       |       |       |       |       ||     3
         Leather armour    |     6 |    40 |    54 |    14 |       |       ||   114
         Troll leather arm |       |       |       |   213 |   530 |    26 ||   769
  Dodge: Dodged            |    27 |    35 |    80 |   299 |   537 |    14 ||   992
         Repelled          |       |       |       |     8 |    13 |       ||    21

Table legend: (Time is in decaauts)
 A = Elapsed time spent in this place.
 B = Non-inter-level travel time spent in this place.
 C = Inter-level travel time spent in this place.
 D = Time resting spent in this place.
 E = Time spent auto-exploring this place.
 F = Levels seen in this place.
 G = Mean time per level.
                   A        B        C        D        E       F      G
               +--------+--------+--------+--------+--------+-----+--------+
         Total |  20226 |  19412 |    814 |   1816 |  12742 |  23 |  879.4 |
       Dungeon |  15689 |  15102 |    587 |   1368 |  10164 |  15 | 1045.9 |
        Temple |      1 |      0 |      1 |      0 |      0 |   1 |    1.0 |
  Orcish Mines |   1418 |   1260 |    158 |      0 |    997 |   2 |  709.0 |
   Elven Halls |   2280 |   2212 |     68 |    350 |   1404 |   3 |  760.0 |
        Bailey |    436 |    436 |      0 |     27 |    177 |   1 |  436.0 |
      Gauntlet |    400 |    400 |      0 |     71 |      0 |   1 |  400.0 |
               +--------+--------+--------+--------+--------+-----+--------+

Top non-repeatable levels by time:
    D:13: 1511 daAuts
     D:8: 1480 daAuts
     D:5: 1237 daAuts
     D:1: 1186 daAuts
     D:6: 1156 daAuts
     D:7: 1140 daAuts
    D:11: 1042 daAuts
     D:3: 1001 daAuts
    D:10: 934 daAuts
    D:14: 926 daAuts
    D:12: 905 daAuts
     D:9: 870 daAuts
    D:15: 814 daAuts
   Elf:2: 788 daAuts
   Elf:1: 787 daAuts
